 Dungeon Crawl Stone Soup version 0.30.0 (webtiles) character file.

Game seed: 7814728118765713945

79 cheesebisquit the Trooper (level 4, -2/61 HPs)
             Began as a Hill Orc Fighter on May 6, 2023.
             Succumbed to a gnoll's poison
             ... on level 2 of the Dungeon.
             The game lasted 00:03:04 (1495 turns).

cheesebisquit the Trooper (Hill Orc Fighter)        Turns: 1495, Time: 00:03:04

Health: -2/61      AC:  9    Str: 20    XL:     4   Next: 38%
Magic:  4/4        EV:  7    Int:  8    God:
Gold:   112        SH:  4    Dex: 10    Spells: 3/3 levels left

rFire   . . .        a - +0 war axe
rCold   . . .        c - +0 buckler
rNeg    . . .        h - +0 chain mail
rPois   .            (no helmet)
rElec   .            (no cloak)
rCorr   .            (no gloves)
SInv    .            (no boots)
Will    .....        (no amulet) Stlth
                     (no ring)
HPRegen 0.30/turn    (no ring)
MPRegen 0.09/turn

%: no passive effects
@: berserking, lethally poisoned (-2 -> -37), very quick
A: no striking features
a: no special abilities


You were on level 2 of the Dungeon.
You visited 1 branch of the dungeon, and saw 2 of its levels.

You collected 112 gold pieces.

Inventory:

Hand Weapons
 a - a +0 war axe (weapon)
Armour
 c - a +0 buckler (worn)
 h - a +0 chain mail (worn)
Jewellery
 m - a ring of see invisible
 o - a ring of fire
Scrolls
 b - 4 scrolls of teleportation {unknown}
 e - 3 scrolls of identify {unknown}
 l - a scroll of magic mapping {unknown}
 p - a scroll of fear {unknown}
Potions
 d - a potion of might
 g - a potion of flight {unknown}
 i - a potion of attraction {unknown}
 j - a potion of lignification {unknown}
 k - a potion of mutation {unknown}
 n - a potion of heal wounds {unknown}


   Skills:
 + Level 4.4 Fighting
 + Level 3.8 Axes
 + Level 3.9 Armour
 + Level 3.9 Shields


You had 3 spell levels left.
You didn't know any spells.
Your spell library contained the following spells:

 Spells                   Type           Power      Damage    Failure   Level
 Slow                     Hex            0%         N/A       99%         1
 Ensorcelled Hibernation  Hex/Ice        0%         N/A       99%         2
 Call Canine Familiar     Summ           0%         N/A       100%        3
 Confusing Touch          Hex            0%         N/A       100%        3
 Portal Projectile        Hex/Tloc       0%         N/A       100%        3
 Spider Form              Tmut/Pois      0%         N/A       100%        3
 Vampiric Draining        Necr           0%         2d6       100%        3
 Anguish                  Hex/Necr       0%         N/A       100%        4
 Leda's Liquefaction      Hex/Erth       0%         N/A       100%        4


Dungeon Overview and Level Annotations

Branches:
Dungeon (2/15)

Altars:


Message History

You are poisoned.
You hit the gnoll.
The gnoll is almost dead.
You closely miss the gnoll. You hit the gnoll but do no damage.
You feel very sick. The gnoll completely misses you.
You block the gnoll's attack. x2
You closely miss the gnoll.
The gnoll is almost dead.
You hit the gnoll. You closely miss the gnoll.
You feel sick. The gnoll barely misses you.
The gnoll hits you with a +1 flail of venom.
You are more poisoned.
The gnoll barely misses you.
You slash the gnoll!
You kill the gnoll!
You hit the gnoll. You slash the gnoll!
You feel very sick.
The gnoll hits you with a +1 flail of venom.
You are lethally poisoned!
The gnoll hits you with a +0 whip.
* * * LOW HITPOINT WARNING * * *
The gnoll hits you but does no damage.
You are more poisoned.
The gnoll hits you but does no damage.
You are too injured to fight recklessly!
It was a potion of berserk rage.
A red film seems to cover your vision as you go berserk!
You feel yourself moving faster!
You feel mighty!
* * * LOW HITPOINT WARNING * * *
You feel extremely sick.
The gnoll hits you with a +1 flail of venom.
* * * LOW HITPOINT WARNING * * *
You are more poisoned.
The gnoll hits you with a +0 whip.
* * * LOW HITPOINT WARNING * * *
You are too berserk!
You barely miss the gnoll.
The gnoll is moderately wounded.
You barely miss the gnoll.
You die...

###### #....# #
#....############.###
####....##......)g......
................@gg.>...
.#########.#....####....
.#########.#....####.....
.#......##.#.............
.#......##.#............
.#......##..............
.....................#
.....(..##.#.........#
........##.#.........#


You could see 2 gnolls and a goblin.

Vanquished Creatures
  A gnoll (D:2)
  3 adders (D:2)
  A worm (D:2)
  4 ball pythons
  7 bats
  4 endoplasms
  A giant cockroach (D:2)
  A goblin (D:2)
  2 hobgoblins
  2 quokkas (D:1)
  2 frilled lizards (D:1)
  4 kobolds
  9 rats
41 creatures vanquished.

Notes
Turn   | Place    | Note
-------+----------+-------------------------------------------
     0 | D:1      | cheesebisquit the Hill Orc Fighter began the quest for the
                  | Orb.
     0 | D:1      | Reached XP level 1. HP: 19/19 MP: 1/1
    98 | D:1      | Reached XP level 2. HP: 27/27 MP: 2/2
   573 | D:1      | Reached skill level 4 in Fighting
   810 | D:2      | Reached XP level 3. HP: 33/33 MP: 3/3
  1240 | D:2      | Reached XP level 4. HP: 35/40 MP: 4/4
  1495 | D:2      | Succumbed to a gnoll's poison

Illustrated notes

Levels and vault maps discovered:
D:1:      dpeg_arrival_pits, layout_loops_ring
D:2:      layout_basic, basic_altar, hellmonk_ecumenical_altar_crossroads,
          grunt_ministairs_9

Skill      XL: |  1  2 |
---------------+-------+-----
Axes           | 3 |  3.8
Fighting       | 4 |  4.4
Armour         | |  3.9
Shields        | |  3.9

Action                     |  1- 3 |  4- 6 || total
---------------------------+-------+-------++-------
  Melee: War axe           |   124 |    15 ||   139
    Use: Potion            |       |     1 ||     1
 Armour: Chain mail        |   100 |     7 ||   107
         Scale mail        |     1 |       ||     1
  Dodge: Dodged            |    44 |     7 ||    51
  Block: Buckler           |    31 |     3 ||    34
